 Dungeon Crawl Stone Soup version 0.23-b1-67-g8bd44de8e4 (webtiles) character file.

Game seed: 17678317749325946423

175 Lobben the Chopper (level 5, 0/48 HPs)
             Began as a Minotaur Berserker on Feb 6, 2019.
             Was a Believer of Trog.
             Succumbed to an orc's poison
             ... on level 4 of the Dungeon.
             The game lasted 00:50:15 (2906 turns).

Lobben the Chopper (Minotaur Berserker)             Turns: 2906, Time: 00:50:22

Health: 0/48       AC: 11    Str: 23    XL:     5   Next: 29%
Magic:  4/4        EV:  7    Int:  4    God:    Trog [**....]
Gold:   143        SH:  0    Dex:  9    Spells: 4/4 levels left

rFire    . . .     SeeInvis .   a - +0 hand axe
rCold    . . .     Gourm    .   (no shield)
rNeg     . . .     Faith    .   l - +0 plate armour
rPois    .         Spirit   .   (helmet restricted)
rElec    .         Reflect  .   (no cloak)
rCorr    .         Harm     .   (no gloves)
MR       .....                  (no boots)
Stlth    ..........             (no amulet)
HPRegen  0.16/turn              (no ring)
MPRegen  0.09/turn              (no ring)

@: lethally poisoned (0 -> -39)
A: retaliatory headbutt, horns 2
a: Berserk, Trog's Hand, Renounce Religion


You were on level 4 of the Dungeon.
You worshipped Trog.
Trog was pleased with you.
You were not hungry.

You visited 1 branch of the dungeon, and saw 4 of its levels.

You collected 143 gold pieces.

Inventory:

Hand Weapons
 a - a +0 hand axe (weapon)
 q - a +0 hand axe
Missiles
 e - 108 stones (quivered)
 f - 8 javelins of returning
 t - 24 poisoned needles
Armour
 b - a +0 animal skin
 d - a +2 chain mail of cold resistance
 l - a +0 plate armour (worn)
 r - a +0 ring mail
 v - a +0 scale mail
Jewellery
 p - a cursed ring of teleportation
Wands
 n - a wand of random effects (17)
 s - a wand of disintegration (15)
Scrolls
 h - 3 scrolls of remove curse
 k - 2 scrolls of blinking
 u - 2 scrolls of enchant weapon {unknown}
 x - a scroll of fear
Potions
 g - a potion of brilliance
 i - a potion of might
 m - 2 potions of heal wounds {unknown}
 o - a potion of magic {unknown}
 w - a potion of cancellation {unknown}
Comestibles
 c - 5 rations
 j - a chunk of flesh


   Skills:
 + Level 5.0 Fighting
 + Level 5.0 Axes
 + Level 4.3 Armour
 + Level 2.4 Dodging
 + Level 0.2 Stealth


You had 4 spell levels left.
You didn't know any spells.
Your spell library was empty.

Dungeon Overview and Level Annotations

Branches:
Dungeon (4/15)
 Temple: D:4-7

Altars:
Dithmenos
Fedhas
Kikubaaqudgha
Nemelex Xobeh
Qazlal
Uskayaw
Yredelemnul
Zin


Innate Abilities, Weirdness & Mutations

You reflexively headbutt those who attack you in melee.
You have a pair of horns on your head.


Message History

Your plate armour prevents you from hitting the orc.
The orc priest begins to cast a cantrip, but forgets the words!
The orc hits you but does no damage.
You are more poisoned.
You feel sick.
The orc hits you with a +1 short sword of venom.
* * * LOW HITPOINT WARNING * * *
You are lethally poisoned!
* * * LOW HITPOINT WARNING * * *
You feel sick. The orc hits you but does no damage.
You are more poisoned.
There is an escape hatch in the floor here.
* * * LOW HITPOINT WARNING * * *
You feel sick.
The orc hits you with a +1 short sword of venom.
* * * LOW HITPOINT WARNING * * *
You are more poisoned.
You slide downwards.
The hatch slams shut behind you.
A hound skeleton comes into view.
You die...

##? #..
#.# #.# #
.%# .#
#.# ..#
#.#Z..#..
#@...)..#
##o###...
.# .# .#
.# .. ##


You could see an orc and a hound skeleton (dormant).

Vanquished Creatures
  An orc wizard (D:3)
  Terence (D:3)
  5 adders
  An ooze (D:2)
  A worm (D:2)
  A dart slug (D:2)
  2 leopard geckos
  2 orcs (D:3)
  2 ball pythons (D:3)
  7 bats
  2 giant cockroaches
  4 goblins
  9 hobgoblins
  3 jackals (D:3)
  A quokka (D:3)
  5 frilled lizards
  9 kobolds
  7 rats
  A spectral orc (D:3)
64 creatures vanquished.

Notes
Turn   | Place    | Note
-------+----------+-------------------------------------------
     0 | D:1      | Lobben the Minotaur Berserker began the quest for the Orb.
     0 | D:1      | Reached XP level 1. HP: 19/19 MP: 0/0
   333 | D:1      | Found a sparkling altar of Nemelex Xobeh.
   427 | D:1      | Reached XP level 2. HP: 25/27 MP: 1/1
  1099 | D:2      | Found a hide-covered altar of Uskayaw.
  1122 | D:2      | Reached XP level 3. HP: 20/33 MP: 2/2
  1257 | D:2      | Found a blossoming altar of Fedhas.
  1492 | D:2      | Found an ancient bone altar of Kikubaaqudgha.
  2113 | D:3      | Found a basalt altar of Yredelemnul.
  2117 | D:3      | Reached XP level 4. HP: 41/41 MP: 3/3
  2256 | D:3      | Reached ** piety under Trog
  2351 | D:3      | Found a glowing silver altar of Zin.
  2373 | D:3      | Found a shadowy altar of Dithmenos.
  2460 | D:3      | Reached skill level 5 in Axes
  2472 | D:3      | Reached skill level 5 in Fighting
  2472 | D:3      | Reached XP level 5. HP: 44/48 MP: 4/4
  2541 | D:3      | Noticed Terence
  2555 | D:3      | Killed Terence
  2624 | D:3      | Found a stormy altar of Qazlal.
  2906 | D:4      | Succumbed to an orc's poison

Skill      XL: |  1  2  3  4  5 |
---------------+----------------+-----
Fighting       | 4 5 |  5.0
Armour         | 3 4 |  4.3
Axes           | 4 5 |  5.0
Dodging        | |  2.4
Stealth        | |  0.2

Action                   |  1- 3 |  4- 6 || total
-------------------------+-------+-------++-------
Melee: Hand axe          |    94 |    69 ||   163
       Headbutt          |    14 |     8 ||    22
Throw: Stone             |     2 |       ||     2
  Use: Scroll            |     7 |       ||     7
  Eat: Chunk             |     4 |     2 ||     6
Armor: Chain mail        |    49 |       ||    49
       Plate armour      |    15 |    43 ||    58
Dodge: Dodged            |    46 |    27 ||    73
